 Dungeon Crawl Stone Soup version 0.30-a0-304-gdc4b735fe1 (webtiles) character file.

Game seed: 14206926245714048050

124 garrulousMonolith the Slasher (level 5, -1/39 (43) HPs)
             Began as a Gnoll Reaver on Oct 21, 2022.
             Succumbed to a gnoll's poison
             ... on level 3 of the Dungeon.
             The game lasted 00:03:08 (1677 turns).

garrulousMonolith the Slasher (Gnoll Reaver)        Turns: 1677, Time: 00:03:09

HP:   -1/39 (43)    AC:  5    Str:  9 (11) XL:     5   Next: 8%
MP:   12/12         EV: 26    Int: 14 (15) God:
Gold: 143           SH:  0    Dex:  9 (10) Spells: 11/14 levels left

rFire   . . .      SeeInvis .    a - +0 falchion
rCold   . . .      Faith    .    (no shield)
rNeg    . . .      Spirit   .    e - +0 ring mail
rPois   .          Reflect  .    (no helmet)
rElec   .          Harm     .    (no cloak)
rCorr   .          Rampage  .    (no gloves)
Will    .....                    (no boots)
Stlth   +.........               i - amulet of the acrobat
HPRegen 0.26/turn                (no ring)
MPRegen 0.13/turn                (no ring)

@: mighty, lethally poisoned (-1 -> -15), acrobatic, drained
A: fangs 1, strong nose, distributed training
a: no special abilities


You were on level 3 of the Dungeon.
You visited 1 branch of the dungeon, and saw 3 of its levels.

You collected 143 gold pieces.

Inventory:

Hand Weapons
 a - a +0 falchion (weapon)
 b - a +0 sling
 q - a +0 war axe
Missiles
 o - 3 poisoned darts
Armour
 e - a +0 ring mail (worn)
 k - a +0 leather armour
Jewellery
 i - an amulet of the acrobat (around neck)
Scrolls
 c - a scroll of torment {unknown}
 d - 4 scrolls of identify
 g - a scroll of enchant weapon {unknown}
 h - a scroll of butterflies {unknown}
 j - a scroll of immolation {unknown}
 l - a scroll of vulnerability {unknown}
Potions
 f - a potion of magic


   Skills:
 + Level 4.7 Fighting
 + Level 1.4 Short Blades
 + Level 6.6 Long Blades
 + Level 1.4 Axes
 + Level 1.4 Maces & Flails
 + Level 1.4 Polearms
 + Level 1.4 Staves
 + Level 1.4 Ranged Weapons
 + Level 1.4 Throwing
 + Level 1.4 Armour
 + Level 4.7 Dodging
 + Level 1.4 Stealth
 + Level 1.4 Shields
 + Level 1.4 Unarmed Combat
 + Level 5.1 Spellcasting
 + Level 5.5 Conjurations
 + Level 1.1 Hexes
 + Level 1.1 Summonings
 + Level 1.1 Necromancy
 + Level 1.1 Translocations
 + Level 1.1 Transmutations
 + Level 1.1 Fire Magic
 + Level 1.1 Ice Magic
 + Level 1.1 Air Magic
 + Level 1.1 Earth Magic
 + Level 1.1 Poison Magic
 + Level 1.5 Invocations
 + Level 1.4 Evocations


You had 11 spell levels left.
You knew the following spells:

 Your Spells              Type           Power      Damage    Failure   Level
a - Kiss of Death         Conj/Necr      48%        2d9       12%         1
b - Momentum Strike       Conj/Tloc      24%        3d8       19%         2

Your spell library contained the following spells:

 Spells                   Type           Power      Damage    Failure   Level
 Hailstorm                Conj/Ice       12%        3d5       36%         3


Dungeon Overview and Level Annotations

Branches:
Dungeon (3/15)

Altars:
Ru


Innate Abilities, Weirdness & Mutations

You have very sharp teeth.
Your uncanny sense of smell can sniff out nearby items.
Your experience applies equally to all skills.


Message History

You slash the gnoll!
The gnoll is almost dead.
The gnoll closely misses you.
The gnoll hits you with a +3 flail of venom.
You are poisoned.
The gnoll misses you.
You completely miss the gnoll.
The gnoll is almost dead.
You feel very sick. The gnoll barely misses you. x3
You aren't carrying any items that you can evoke.
Unknown command.
As you read the scroll labelled YQUTIED WURYSE, it crumbles to dust.
It is a scroll of amnesia.
Really abort (and waste the scroll)?
Okay, then.
You feel very sick. The gnoll hits you but does no damage.
You are more poisoned.
The gnoll closely misses you. The gnoll completely misses you.
The gnoll attacks as you move away! The gnoll hits you with a +0 halberd!
You feel very sick. The gnoll misses you. The gnoll completely misses you.
It was a potion of degeneration.
There was something very wrong with that liquid.
You feel weakened.
You feel dopey.
You feel clumsy.
You feel very sick. The gnoll hits you with a +0 club.
* * * LOW HITPOINT WARNING * * *
The gnoll hits you but does no damage. The gnoll barely misses you.
It was a potion of might.
You feel very mighty all of a sudden.
* * * LOW HITPOINT WARNING * * *
You feel very sick. The gnoll closely misses you. x2
The gnoll hits you with a +3 flail of venom.
* * * LOW HITPOINT WARNING * * *
You are more poisoned.
* * * LOW HITPOINT WARNING * * *
You feel very sick.
You die...

#.....##.....##
##..............## #####
#................#.. #...#
#...................
#...###.................#
#....##.................#.
#...[##..........$........
#.....#...............)...
####..##.......@..........
# #..###.....##.gg.......
# #..#....######g........
#####....#### #.........
..........# ..........#
##......#.# ...........#
..........## ....##.##....
#####......###..## .. ...#
................## #.. ..#


You could see 3 gnolls.

Vanquished Creatures
  An iguana (D:2)
  2 adders (D:2)
  3 worms (D:2)
  2 dart slugs
  2 orcs
  3 ball pythons
  4 endoplasms
  3 giant cockroaches
  10 goblins
  11 hobgoblins
  4 quokkas
  8 bats
  2 frilled lizards (D:1)
  2 kobolds (D:3)
  4 rats
61 creatures vanquished.

Notes
Turn   | Place    | Note
-------+----------+-------------------------------------------
     0 | D:1      | garrulousMonolith the Gnoll Reaver began the quest for the
                  | Orb.
     0 | D:1      | Reached XP level 1. HP: 20/20 MP: 6/6
   141 | D:1      | Reached XP level 2. HP: 26/26 MP: 7/7
   287 | D:1      | Reached skill level 5 in Spellcasting
   287 | D:1      | Reached XP level 3. HP: 31/31 MP: 7/9
   290 | D:1      | Learned a level 2 spell: Momentum Strike
   506 | D:2      | Found a sacrificial altar of Ru.
   527 | D:2      | Reached skill level 1 in Invocations
   659 | D:2      | Reached skill level 1 in Short Blades
   659 | D:2      | Reached skill level 1 in Axes
   659 | D:2      | Reached skill level 1 in Maces & Flails
   659 | D:2      | Reached skill level 1 in Polearms
   659 | D:2      | Reached skill level 1 in Staves
   659 | D:2      | Reached skill level 1 in Ranged Weapons
   659 | D:2      | Reached skill level 1 in Throwing
   659 | D:2      | Reached skill level 1 in Armour
   659 | D:2      | Reached skill level 1 in Stealth
   659 | D:2      | Reached skill level 1 in Shields
   659 | D:2      | Reached skill level 1 in Unarmed Combat
   659 | D:2      | Reached skill level 1 in Evocations
   770 | D:2      | Reached XP level 4. HP: 37/38 MP: 11/11
   949 | D:2      | Reached skill level 1 in Hexes
   949 | D:2      | Reached skill level 1 in Summonings
   949 | D:2      | Reached skill level 1 in Necromancy
   949 | D:2      | Reached skill level 1 in Translocations
   949 | D:2      | Reached skill level 1 in Transmutations
   949 | D:2      | Reached skill level 1 in Fire Magic
   949 | D:2      | Reached skill level 1 in Ice Magic
   949 | D:2      | Reached skill level 1 in Air Magic
   949 | D:2      | Reached skill level 1 in Earth Magic
   949 | D:2      | Reached skill level 1 in Poison Magic
  1382 | D:3      | Reached XP level 5. HP: 39/39 MP: 12/12
  1677 | D:3      | Succumbed to a gnoll's poison

Illustrated notes

Levels and vault maps discovered:
D:1:      onia_arrival_mini_maze_b, layout_rooms
D:2:      layout_basic, basic_altar
D:3:      cheibrodos_helix_gallery, layout_rooms, minmay_puff

Skill      XL: |  1  2  3  4 |
---------------+-------------+-----
Spellcasting   | 5 |  5.1
Invocations    | 1 |  1.5
Short Blades   | 1 |  1.4
Axes           | 1 |  1.4
Maces & Flails | 1 |  1.4
Polearms       | 1 |  1.4
Staves         | 1 |  1.4
Ranged Weapons | 1 |  1.4
Throwing       | 1 |  1.4
Armour         | 1 |  1.4
Stealth        | 1 |  1.4
Shields        | 1 |  1.4
Unarmed Combat | 1 |  1.4
Evocations     | 1 |  1.4
Hexes          | 1 |  1.1
Summonings     | 1 |  1.1
Necromancy     | 1 |  1.1
Translocations | 1 |  1.1
Transmutations | 1 |  1.1
Fire Magic     | 1 |  1.1
Ice Magic      | 1 |  1.1
Air Magic      | 1 |  1.1
Earth Magic    | 1 |  1.1
Poison Magic   | 1 |  1.1
Fighting       | |  4.7
Long Blades    | |  6.6
Dodging        | |  4.7
Conjurations   | |  5.5

Action                   |  1- 3 |  4- 6 || total
-------------------------+-------+-------++-------
Melee: Falchion          |   119 |   106 ||   225
       Bite              |    10 |     8 ||    18
       Punch             |       |     4 ||     4
 Cast: Kiss of Death     |       |     1 ||     1
  Use: Scroll            |       |     2 ||     2
       Potion            |       |     2 ||     2
Armor: Leather armour    |    10 |       ||    10
       Ring mail         |    18 |    27 ||    45
Dodge: Dodged            |    68 |    83 ||   151

Table legend: (Time is in decaauts)
 A = Elapsed time spent in this place.
 B = Non-inter-level travel time spent in this place.
 C = Inter-level travel time spent in this place.
 D = Time resting spent in this place.
 E = Time spent auto-exploring this place.
 F = Levels seen in this place.
 G = Mean time per level.
                   A        B        C        D        E       F      G
               +--------+--------+--------+--------+--------+-----+--------+
         Total |   1671 |   1568 |    103 |     72 |   1031 |   3 |  557.0 |
       Dungeon |   1671 |   1568 |    103 |     72 |   1031 |   3 |  557.0 |
               +--------+--------+--------+--------+--------+-----+--------+

Top non-repeatable levels by time:
     D:2: 791 daAuts
     D:1: 502 daAuts
     D:3: 376 daAuts
